Map: 2000 Atmospheres LE

Players

A.I. 2 (Easy) - Winner!

  • Race: Zerg Zerg

Nebishefu

  • Race: Terran Terran
  • League: Gold

Eleven

  • Race: Terran Terran
  • League: Diamond

VOD

Have the link to the VOD?

Description

Time

  • Played on: May 31, 2021, 4:32 p.m.
  • Length: 18:02
Show
View Real Time Build Order
Export as new Build Order

A.I. 2 (Easy) Zerg - Winner!

Build Orders:  

Get SALT Encoding   

Show
View Real Time Build Order
Export as new Build Order

Nebishefu Terran 

Build Orders:  

Get SALT Encoding   

  12  0:00  Drone  
  13  0:12  Overlord  
  13  0:16  Drone  
  14  0:31  Drone  
  14  0:35  Drone  
  16  0:43  Spawning Pool  
  16  0:44  Extractor  
  16  0:46  Drone  
  15  0:51  Drone  
  16  0:58  Overlord  
  16  1:30  Queen  
  16  1:31  Zergling x2  
  16  1:32  Roach Warren  
  18  1:34  Extractor  
  18  1:35  Drone  
  18  1:38  Zergling x2  
  19  1:42  Drone  
  20  1:53  Zergling x2  
  21  2:03  Zergling x2  
  22  2:14  Zergling x2  
  23  2:25  Zergling x2  
  24  2:35  Overlord  
  24  2:37  Zergling x2  
  24  2:38  Drone  
  27  2:44  Zergling x2  
  27  2:47  Drone  
  29  2:58  Drone  
  29  3:09  Drone  
  30  3:13  Drone  
  30  3:14  Overlord  
  30  3:17  Drone  
  32  5:29  Overlord, Lair, Drone, Roach  
  32  5:33  Drone  
  33  5:38  Drone  
  33  5:42  Drone  
  30  5:47  Roach  
  29  5:50  Drone  
  29  5:55  Drone  
  25  5:59  Drone  
  25  6:03  Drone  
  21  6:06  Roach  
  21  6:08  Drone  
  18  6:12  Drone  
  18  6:16  Drone  
  14  6:21  Drone  
  14  6:25  Drone, Roach  
  15  6:26  Queen, Overseer  
  15  6:27  Overseer  
  14  6:33  Drone  
  13  6:44  Zergling x2  
  13  6:46  Hydralisk Den  
  10  6:54  Drone  
  7  7:05  Roach  
  7  7:08  Queen  
  6  7:16  Drone  
  7  7:26  Zergling x2  
  7  7:32  Drone  
  7  7:33  Drone  
  9  7:37  Drone  
  9  7:38  Drone  
  11  7:49  Drone  
  6  7:59  Drone  
  4  8:10  Roach  
  6  8:15  Drone x3  
  6  8:22  Drone  
  7  8:30  Queen  
  7  8:33  Drone  
  4  8:43  Hydralisk  
  5  9:09  Drone  
  4  9:43  Drone  
  5  10:06  Drone  
  6  10:29  Drone  
  7  10:55  Drone  
  8  11:00  Drone  
  9  11:45  Drone  
  9  11:46  Roach  
  12  11:49  Drone  
  13  11:57  Zergling x2  
  14  12:28  Hatchery  
  13  12:35  Drone  
  14  12:42  Drone  
  15  12:47  Drone  
  16  12:55  Drone  
  17  13:01  Drone  
  18  13:08  Drone  
  19  13:15  Drone  
  20  13:22  Drone  
  21  13:30  Drone  
  22  13:35  Drone  
  22  13:41  Drone  
  23  13:49  Drone  
  23  13:54  Drone  
  25  14:01  Roach  
  25  14:09  Hydralisk  
  25  14:13  Drone  
  28  14:17  Zergling x2  
  28  14:23  Roach  
  31  14:27  Overseer  
  29  14:32  Roach  
  29  14:38  Hydralisk  
  31  14:45  Zergling x2  
  31  14:51  Hydralisk, Overseer  
  31  14:58  Roach  
  33  15:04  Roach  
  33  15:08  Pneumatized Carapace  
  33  15:13  Overseer  
  30  15:19  Overlord  
  30  15:20  Ravager  
  31  15:24  Drone  
  29  15:29  Drone  
  29  15:33  Drone  
  25  16:17  Overlord  
  25  16:23  Drone  
  26  16:27  Drone  
  26  16:32  Drone  
  28  16:37  Drone  
  29  16:41  Drone  
  29  16:46  Drone  
  31  16:51  Overseer  
  31  16:56  Zergling x2  
  32  17:05  Overlord  
  32  17:11  Roach  
  32  17:15  Overseer  
  34  17:24  Overlord  
  34  17:34  Overseer  
  34  17:46  Infestation Pit  
Show
View Real Time Build Order
Export as new Build Order

Eleven Terran 

Build Orders: Reaper Expand 

Get SALT Encoding   

  12  0:01  SCV  
  13  0:13  SCV  
  14  0:17  Supply Depot  
  14  0:26  SCV  
  15  0:39  SCV  
  15  0:41  Barracks  
  16  0:48  Refinery  
  16  0:51  SCV  
  17  1:03  SCV  
  18  1:15  SCV  
  19  1:33  Orbital Command  
  19  1:36  Reaper  
  20  1:44  Command Center  
  20  1:56  Supply Depot  
  20  2:04  SCV  
  21  2:08  Refinery  
  21  2:11  Marine  
  22  2:16  SCV  
  22  2:20  Factory  
  23  2:28  SCV  
  24  2:39  Barracks Reactor  
  24  2:40  SCV  
  25  2:52  SCV  
  26  3:04  SCV  
  27  3:11  Starport  
  27  3:14  Orbital Command  
  27  3:20  SCV  
  27  3:21  Barracks Tech Lab  
  28  3:27  Hellion x2  
  28  3:32  SCV  
  33  3:40  Supply Depot  
  33  3:43  SCV  
  33  3:44  SCV  
  33  3:45  Marine  
  33  3:46  Stimpack  
  36  3:49  Hellion x2  
  36  3:51  Viking  
  42  4:00  Barracks  
  42  4:04  Supply Depot  
  42  4:05  SCV  
  42  4:06  SCV  
  42  4:09  Marine  
  45  4:10  Hellion  
  45  4:14  Hellion  
  49  4:18  SCV x2  
  49  4:23  Liberator  
  54  4:36  Hellion x2  
  58  4:41  Supply Depot  
  58  4:43  SCV x2  
  60  4:46  Marine  
  60  4:47  Refinery  
  61  4:55  SCV  
  62  5:00  Engineering Bay  
  62  5:01  Engineering Bay  
  62  5:12  Starport Reactor  
  62  5:13  Marine  
  63  5:17  Barracks  
  63  5:18  Barracks  
  63  5:19  SCV x2  
  63  5:20  Factory Tech Lab  
  65  5:21  Command Center  
  65  5:30  Terran Infantry Weapons Level 1  
  65  5:31  SCV x2, Terran Infantry Armor Level 1  
  67  5:37  Refinery  
  67  5:43  SCV  
  68  6:35  Barracks Reactor  
  68  6:36  Barracks Reactor  
  68  6:43  Siege Tank  
  68  6:44  Medivac x2  
  67  7:36  Barracks Reactor  
  67  7:41  Siege Tank  
  68  8:20  Marine x8  
  76  8:38  Marine x6  
  79  9:20  Marine x6  
  85  9:25  Marine x2  
  87  9:32  Armory  
  87  9:37  Marine x2  
  89  11:03  Terran Infantry Weapons Level 2  
  89  11:04  Terran Infantry Armor Level 2  
Tags
 
Add a new tag
Caveats
  • Supply blocks, unpowered buildings, or Contaminate may cause inaccurate times.
  • Supply counts are checked every 10 seconds.